 Dungeon Crawl Stone Soup version 0.29-a0-490-g77b3608bb8 (webtiles) character file.

Game seed: 13462545276125761857

350 Hubjo the Firebug (level 6, -12/36 HPs)
             Began as a Deep Elf Fire Elementalist on May 26, 2022.
             Was an Initiate of Sif Muna.
             Mangled by a quicksilver ooze (20 damage)
             ... created by the all-consuming vengeance of Jiyva
             ... on level 1 of the Dungeon.
             The game lasted 00:08:35 (4616 turns).

Hubjo the Firebug (Deep Elf Fire Elementalist)      Turns: 4616, Time: 00:08:36

Health: -12/36     AC:  2    Str:  5    XL:     6   Next: 33%
Magic:  15/15      EV: 12    Int: 22    God:    Sif Muna [......]
Gold:   119        SH:  0    Dex: 15    Spells: 9/14 levels left

rFire   . . .      SeeInvis .   (no weapon)
rCold   . . .      Faith    .   (no shield)
rNeg    . . .      Spirit   .   a - +0 robe
rPois   .          Reflect  .   (no helmet)
rElec   .          Harm     .   (no cloak)
rCorr   .          Rampage  .   (no gloves)
Will    .....                   (no boots)
Stlth   +++.......              (no amulet)
HPRegen 0.12/turn               (no ring)
MPRegen 0.14/turn               (no ring)

@: about to teleport
A: sense surroundings 3
a: Renounce Religion


You were on level 1 of the Dungeon.
You worshipped Sif Muna.
Sif Muna was noncommittal.
You visited 2 branches of the dungeon, and saw 5 of its levels.

You collected 119 gold pieces.

Inventory:

Hand Weapons
 h - a +0 vampiric hand axe
Missiles
 m - a throwing net
Armour
 a - a +0 robe (worn)
Jewellery
 l - a ring of willpower
Wands
 i - a wand of flame (21)
Scrolls
 f - a scroll of magic mapping
 g - 2 scrolls of identify
 k - a scroll of summoning {unknown}
Potions
 b - a potion of magic
 c - a potion of resistance {unknown}
 e - 2 potions of heal wounds {unknown}
 j - a potion of ambrosia {unknown}
 n - a potion of cancellation {unknown}
 o - a potion of curing {unknown}


   Skills:
 + Level 2.7 Fighting
 - Level 2.4 Dodging
 + Level 4.5 Stealth
 + Level 4.7 Spellcasting
 - Level 1.1 Conjurations
 * Level 5.1 Fire Magic


You had 9 spell levels left.
You knew the following spells:

 Your Spells              Type           Power      Damage    Failure   Level
a - Foxfire               Conj/Fire      72%        2x1d7     3%          1
b - Flame Wave            Conj/Fire      18%        2d6       28%         4

Your spell library contained the following spells:

 Spells                   Type           Power      Damage    Failure   Level
 Scorch                   Fire           54%        2d7       1%          2
 Conjure Flame            Conj/Fire      18%        6-21      9%          3
 Inner Flame              Hex/Fire       16%        N/A       11%         3


Dungeon Overview and Level Annotations

Branches:
Dungeon (4/15)             Temple (1/1) D:4

Altars:
Ashenzari
Cheibriados
Dithmenos
Fedhas
Gozag
Hepliaklqana
Kikubaaqudgha
Makhleb
Okawaru
Qazlal
Sif Muna
Trog
Vehumet
The Shining One
Jiyva

Shops:
D:2 *


Innate Abilities, Weirdness & Mutations

You passively map a large area around you.


Message History

The jelly quivers.
There is a stone staircase leading up here.
The jelly completely misses you. The jelly barely misses you.
You climb upwards.
There is a stone staircase leading down here.
Casting: Foxfire (safe; 3% risk of failure)
Confirm with . or Enter, or press ? or * to list all spells.
The spell is extremely dangerous to miscast (28% risk of failure)!
Continue anyway?
Casting: Flame Wave (extremely dangerous; 28% risk of failure)
Press: ? - help, Dir - look around, f - activate A wave of flame ripples out!
The flame wave engulfs the jelly!
The jelly is heavily wounded.
The flame wave engulfs the jelly!
The jelly is almost dead. (Press . to intensify the flame waves.)
The jelly closely misses you. x2
A wave of flame ripples out!
The flame wave engulfs the jelly.
The jelly is almost dead.
The flame wave engulfs the jelly!
You kill the jelly!
That felt strangely unrewarding.
The jelly barely misses you.
A wave of flame ripples out!
The flame wave engulfs the jelly!
You kill the jelly!
That felt strangely unrewarding.
You finish channelling waves of flame.
You start resting.
Magic restored.
You start resting.
HP restored.
Some slimes ooze up out of the ground!
A quicksilver ooze and a great orb of eyes come into view.
As you read the scroll of teleportation, it crumbles to dust.
You feel strangely unstable.
The great orb of eyes attacks as you move away!
The great orb of eyes bites you!
The great orb of eyes attacks as you move away!
The great orb of eyes bites you!
* * * LOW HITPOINT WARNING * * *
The quicksilver ooze hits you!!
Ouch! That really hurt!
You die...

# #..######..........##.###### #
#..######(....<....##.# #
#.>...........>....##.# #
#.#######...⌠...⌠...#.#
######...................#.######
.................................
######.........G#########..######
# #.........J.# #..# ##
#.........#@# #..# .#
#.........#.# #..# ##
#.#######.#.# #..# #
#......)..#.### #..# #
#########.....# ####..#
#####+#...###.##..#
#######.........'...##..#
#.(.............###.##..#
####.#####..)........#.##..#####


You could see a great orb of eyes and a quicksilver ooze.

Vanquished Creatures
  A necrophage (D:4)
  A scorpion (D:4)
  6 jellies
  Natasha (thrice) (D:3)
  4 gnolls
  6 adders
  3 worms
  A dart slug (D:1)
  2 orcs
  6 endoplasms
  2 giant cockroaches (D:1)
  6 goblins
  6 hobgoblins
  5 jackals
  6 kobolds
  5 quokkas
  10 ball pythons
  5 bats
  3 frilled lizards (D:1)
  5 rats
86 creatures vanquished.

Vanquished Creatures (others)
  A jelly (D:2)
  Jessica (D:3)
  Robin (D:2)
  An adder (D:2)
  A dart slug (D:4)
  2 bats (D:2)
  4 endoplasms
  3 giant cockroaches (D:2)
  9 goblins
  3 hobgoblins (D:2)
  A jackal (D:3)
  A kobold (D:2)
  2 ball pythons (D:2)
  2 rats (D:2)
  536 foxfires
568 creatures vanquished.

Grand Total: 654 creatures vanquished

Notes
Turn   | Place    | Note
-------+----------+-------------------------------------------
     0 | D:1      | Hubjo the Deep Elf Fire Elementalist began the quest for
                  | the Orb.
     0 | D:1      | Reached XP level 1. HP: 10/10 MP: 6/6
   262 | D:1      | Reached XP level 2. HP: 16/16 MP: 0/8
   507 | D:1      | Reached skill level 1 in Fighting
   821 | D:1      | Reached XP level 3. HP: 20/20 MP: 4/9
  1338 | D:1      | Found a faded altar of an unknown god.
  1423 | D:1      | Prayed at the altar of an unknown god.
  1423 | D:1      | Became a worshipper of Jiyva Jazoavif the Shapeless
  1423 | D:1      | Reached * piety under Jiyva
  1670 | D:2      | Reached XP level 4. HP: 26/26 MP: 4/11
  1703 | D:2      | Killed Robin
  1778 | D:2      | Found Toapsyn's General Store.
  1970 | D:2      | You fall into a shaft and drop 1 floor!
  1981 | D:3      | Reached ** piety under Jiyva
  2075 | D:3      | Noticed Natasha
  2077 | D:3      | Killed Natasha
  2106 | D:3      | Noticed Natasha
  2114 | D:3      | Reached skill level 4 in Fire Magic
  2121 | D:3      | Killed Natasha
  2122 | D:3      | Reached XP level 5. HP: 30/30 MP: 9/13
  2165 | D:3      | Learned a level 4 spell: Flame Wave
  2495 | D:3      | Noticed Natasha
  2499 | D:3      | Killed Natasha
  2547 | D:3      | Found a radiant altar of Vehumet.
  2554 | D:3      | Killed Jessica
  2578 | D:3      | Reached *** piety under Jiyva
  2578 | D:3      | Gained mutation: You passively map a small area around you.
                  | [Jiyva's grace]
  2578 | D:3      | Gained mutation: You passively map the area around you.
                  | [Jiyva's grace]
  2578 | D:3      | Gained mutation: You passively map a large area around you.
                  | [Jiyva's grace]
  2578 | D:3      | Gained mutation: Your melee attacks may engulf your foes in
                  | ooze. [Jiyva's grace]
  3154 | D:4      | Found a staircase to the Ecumenical Temple.
  3222 | Temple   | Entered the Ecumenical Temple
  3291 | Temple   | Fell from the grace of Jiyva
  3291 | Temple   | Became a worshipper of Sif Muna the Loreminder
  3320 | D:4      | Reached XP level 6. HP: 20/36 MP: 1/14
  3883 | D:4      | Found a snail-covered altar of Cheibriados.
  4141 | D:4      | Reached skill level 5 in Fire Magic
  4259 | D:3      | Lost mutation: Your melee attacks may engulf your foes in
                  | ooze. [the all-consuming vengeance of Jiyva]
  4614 | D:1      | Noticed a quicksilver ooze
  4614 | D:1      | Noticed a great orb of eyes
  4616 | D:1      | Mangled by a quicksilver ooze

Illustrated notes

Levels and vault maps discovered:
D:1:      wander_arrival_desolate, layout_basic,
          hellmonk_ecumenical_altar_heavens_door
D:2:      layout_basic, serial_shops, shop, grunt_decor_mini_mirrors,
          st_stairs_9, minmay_pentomino_o2, uniq_robin
D:3:      layout_basic, vehumet_altar_wand_db, uniq_jessica, uniq_natasha
D:4:      kennysheep_the_goblin_king, layout_basic, zin_statuary,
          mainiacjoe_overflow_24_doors, minmay_temple_entry_stoned_glass,
          lemuel_old_faithful
Temple:   nicolae_temple_x_marks_the_god

Skill      XL: |  1  2  3  4  5  6 |
---------------+-------------------+-----
Fighting       | 1 2 |  2.7
Stealth        | 3 4 |  4.5
Spellcasting   | 4 |  4.7
Fire Magic     | 4 5 |  5.1
Dodging        | |  2.4
Conjurations   | |  1.1

Action                   |  1- 3 |  4- 6 || total
-------------------------+-------+-------++-------
Melee: Unarmed           |     8 |     1 ||     9
 Cast: Foxfire           |   137 |   190 ||   327
       Flame Wave        |       |     2 ||     2
  Use: Scroll            |       |     3 ||     3
Armor: Robe              |     7 |     4 ||    11
Dodge: Dodged            |    27 |    36 ||    63

Table legend: (Time is in decaauts)
 A = Elapsed time spent in this place.
 B = Non-inter-level travel time spent in this place.
 C = Inter-level travel time spent in this place.
 D = Time resting spent in this place.
 E = Time spent auto-exploring this place.
 F = Levels seen in this place.
 G = Mean time per level.
                   A        B        C        D        E       F      G
               +--------+--------+--------+--------+--------+-----+--------+
         Total |   4625 |   4173 |    452 |    452 |   2973 |   5 |  925.0 |
       Dungeon |   4227 |   3805 |    422 |    142 |   2927 |   4 | 1056.8 |
        Temple |    397 |    367 |     30 |    310 |     46 |   1 |  397.0 |
               +--------+--------+--------+--------+--------+-----+--------+

Top non-repeatable levels by time:
     D:1: 1634 daAuts
     D:3: 1184 daAuts
     D:2: 704 daAuts
     D:4: 703 daAuts
  Temple: 397 daAuts
